 Dungeon Crawl Stone Soup version 0.29-a0-813-g4a14ea37d6 (webtiles) character file.

Game seed: 4862071364404060590

37 gobodom the Grave Robber (level 3, -3/24 HPs)
             Began as a Demonspawn Necromancer on July 5, 2022.
             Killed from afar by Natasha (7 damage)
             ... with a magic dart
             ... on level 2 of the Dungeon.
             The game lasted 00:02:54 (1294 turns).

gobodom the Grave Robber (Demonspawn Necromancer)   Turns: 1294, Time: 00:02:55

Health: -3/24      AC:  8    Str: 10    XL:     3   Next: 21%
Magic:  0/6        EV: 12    Int: 16    God:
Gold:   36         SH:  0    Dex: 13    Spells: 6/7 levels left

rFire   . . .      SeeInvis .   n - +0 club
rCold   . . .      Faith    .   (no shield)
rNeg    . . .      Spirit   .   a - +0 robe
rPois   .          Reflect  .   (no helmet)
rElec   .          Harm     .   (no cloak)
rCorr   .          Rampage  .   (no gloves)
Will    .....                   (no boots)
Stlth   ++........              (no amulet)
HPRegen 0.08/turn               (no ring)
MPRegen 0.10/turn               (no ring)

@: sanguine armoured
A: claws 1, sanguine armour 1
a: no special abilities


You were on level 2 of the Dungeon.
You visited 1 branch of the dungeon, and saw 2 of its levels.

You collected 36 gold pieces.

Inventory:

Hand Weapons
 n - a +0 club (weapon)
Missiles
 l - 2 poisoned darts
Armour
 a - a +0 robe (worn)
 j - a scarf of invisibility
Scrolls
 e - 2 scrolls of blinking {unknown}
 g - a scroll of noise {unknown}
 h - 2 scrolls of identify {unknown}
 k - a scroll of amnesia {unknown}
Potions
 b - a potion of magic
 c - a potion of heal wounds {unknown}
 d - a potion of curing {unknown}
 f - a potion of brilliance {unknown}
 i - 2 potions of attraction {unknown}
 m - a potion of flight {unknown}


   Skills:
 + Level 1.8 Dodging
 + Level 1.9 Stealth
 + Level 2.5 Spellcasting
 + Level 5.1 Necromancy


You had 6 spell levels left.
You knew the following spells:

 Your Spells              Type           Power      Damage    Failure   Level
a - Necrotise             Necr           72%        1d7       2%          1

Your spell library contained the following spells:

 Spells                   Type           Power      Damage    Failure   Level
 Vampiric Draining        Necr           18%        2d7       7%          3
 Sting                    Tmut/Pois      8%         1d3       21%         1
 Animate Dead             Necr           18%        N/A       24%         4
 Poisonous Vapours        Pois/Air       4%         N/A       30%         2
 Agony                    Necr           18%        N/A       54%         5
 Corpse Rot               Necr/Pois/Air  7%         N/A       67%         4


Dungeon Overview and Level Annotations

Branches:
Dungeon (2/15)

Altars:

Annotations:
D:2 Natasha


Innate Abilities, Weirdness & Mutations

You have sharp fingernails.
When seriously injured, your blood forms armour. (AC +6)


Message History

Your jackal skeleton is destroyed!
Unknown command.
Casting: Necrotise (safe; 2% risk of failure)
Confirm with . or Enter, or press ? or * to list all spells.
You don't have enough magic to cast this spell.
You swap places.
Casting: Necrotise (safe; 2% risk of failure)
Confirm with . or Enter, or press ? or * to list all spells.
You don't have enough magic to cast this spell.
Your jackal skeleton closely misses Natasha.
Something hits your jackal skeleton.
Something barely misses your jackal skeleton.
Your jackal skeleton bites Natasha.
Natasha wildly gestures.
You feel disoriented. Something hits your jackal skeleton. x2
Your jackal skeleton is destroyed!
Casting: Necrotise (safe; 2% risk of failure)
Confirm with . or Enter, or press ? or * to list all spells.
Aiming: Necrotise (safe; 2% risk of failure)
Press: ? - help, Shift-Dir - straight line, f/p - Natasha
Aim: Natasha (moderately wounded, chance to affect: 76%) Natasha writhes in agony.
Natasha casts a spell at you.
The magic dart hits you but does no damage.
You closely miss Natasha.
Natasha is heavily wounded.
Natasha closely misses you.
You hit Natasha.
Natasha is severely wounded.
Natasha claws you but does no damage.
You completely miss Natasha.
Natasha is severely wounded.
Natasha claws you.
* * * LOW HITPOINT WARNING * * *
Natasha stares at you and mumbles some strange words.
You resist with significant effort. Natasha casts a spell at you.
The magic dart hits you!
You die...

#.# ..##.)..........
#.. #.##.###...8....
#.####.##.# #........
#...##.##Z# #......#.
#..##.##o# ########
######..)..##.#
#..<....##...h#
#.......##....# ##
#........#...@#..
#......[.####)#.
#........## #...
#.........# #.#######
#.......#.###......<#
#......##.....#######
#......##........#
#########..##.####
#.. ..#


You could see Natasha, an orc and a scorpion zombie.

Vanquished Creatures
  An adder (D:2)
  2 endoplasms
  3 giant cockroaches
  3 goblins
  2 hobgoblins
  2 jackals (D:2)
  2 quokkas (D:2)
  A bat (D:1)
  2 frilled lizards
  2 kobolds
  2 rats (D:1)
22 creatures vanquished.

Vanquished Creatures (collateral kills)
  A dart slug (D:2)
1 creature vanquished.

Grand Total: 23 creatures vanquished

Notes
Turn   | Place    | Note
-------+----------+-------------------------------------------
     0 | D:1      | gobodom the Demonspawn Necromancer began the quest for the
                  | Orb.
     0 | D:1      | Reached XP level 1. HP: 13/13 MP: 3/3
   383 | D:1      | Gained mutation: You have sharp fingernails. [demonic
                  | ancestry]
   383 | D:1      | Reached XP level 2. HP: 19/19 MP: 1/5
   436 | D:1      | Found a faded altar of an unknown god.
   446 | D:1      | Got Plato's Dissertation on the Spider
   475 | D:1      | You fall into a shaft and drop 1 floor!
   900 | D:2      | Reached skill level 5 in Necromancy
  1190 | D:2      | Gained mutation: When seriously injured, your blood forms
                  | armour. (AC +6) [demonic ancestry]
  1190 | D:2      | Reached XP level 3. HP: 24/24 MP: 0/6
  1277 | D:2      | Noticed Natasha
  1294 | D:2      | Killed from afar by Natasha

Illustrated notes

Levels and vault maps discovered:
D:1:      dpeg_arrival_simpleton_a, layout_loops_ring,
          shapermc_ecumenical_altar_rom_forum
D:2:      layout_basic, serial_undead, serial_undead_f, serial_undead_c,
          serial_undead_a, serial_undead_d, uniq_natasha

Skill      XL: |  1  2 |
---------------+-------+-----
Necromancy     | 5 |  5.1
Dodging        | |  1.8
Stealth        | |  1.9
Spellcasting   | |  2.5

Action                   || total
-------------------------++-------
Melee: Unarmed           ||     9
       Club              ||    13
 Cast: Necrotise         ||    36
Armor: Robe              ||     9
Dodge: Dodged            ||    15

Table legend: (Time is in decaauts)
 A = Elapsed time spent in this place.
 B = Non-inter-level travel time spent in this place.
 C = Inter-level travel time spent in this place.
 D = Time resting spent in this place.
 E = Time spent auto-exploring this place.
 F = Levels seen in this place.
 G = Mean time per level.
                   A        B        C        D        E       F      G
               +--------+--------+--------+--------+--------+-----+--------+
         Total |   1296 |   1290 |      6 |      0 |   1106 |   2 |  648.0 |
       Dungeon |   1296 |   1290 |      6 |      0 |   1106 |   2 |  648.0 |
               +--------+--------+--------+--------+--------+-----+--------+

Top non-repeatable levels by time:
     D:1: 846 daAuts
     D:2: 449 daAuts
